 Dungeon Sprint DCSS version 0.23.2-1-ga50397a (webtiles) character file.

Game seed: 12877376666556675719

13685 wilfster70 the Severer (level 11, 0/114 HPs)
             Began as a Minotaur Fighter on May 24, 2019.
             Was an Initiate of Gozag.
             Killed by divine providence
             ... invoked by an orc high priest
              (14 damage)
             ... in the Dungeon (Sprint IX: "|||||||||||||||||||||||||||||").
             The game lasted 00:05:56 (1580 turns).

wilfster70 the Severer (Minotaur Fighter)           Turns: 1580, Time: 00:05:57

Health: 0/114      AC: 15    Str: 29    XL:     11   Next: 78%
Magic:  10/10      EV: 27    Int:  5    God:    Gozag
Gold:   3811       SH: 15    Dex: 15    Spells: 10/10 levels left

rFire    + . .     SeeInvis .   a - +5 war axe (chop)
rCold    + . .     Gourm    .   c - +0 shield
rNeg     . . .     Faith    .   b - +0 scale mail
rPois    +         Spirit   .   (helmet restricted)
rElec    +         Reflect  .   o - +2 cloak
rCorr    +         Harm     .   r - +0 pair of gloves
MR       .....     NoTele   +   (no boots)
Stlth    +.........             (no amulet)
HPRegen  0.29/turn              q - +2 ring of evasion
MPRegen  0.12/turn              (no ring)

@: mighty, agile, resistant, gold aura, very slightly contaminated, invisible
A: retaliatory headbutt, horns 2
a: Potion Petition, Call Merchant, Bribe Branch, Renounce Religion


You were in the Dungeon.
You worshipped Gozag.
Gozag was most pleased with you.
You were hungry.

You visited 1 branch You collected 6507 gold pieces.
You spent 455 gold pieces at shops.
You paid 2241 gold pieces to Gozag.

Inventory:

Hand Weapons
 a - a +5 war axe of chopping (weapon)
Armour
 b - a +0 scale mail (worn)
 c - a +0 shield (worn)
 o - a +2 cloak (worn)
 r - a +0 pair of gloves (worn)
Jewellery
 q - a +2 ring of evasion (left hand)
Wands
 n - a wand of acid (8)
Scrolls
 k - 3 scrolls of blinking
 l - 5 scrolls of remove curse
 m - 3 scrolls of amnesia
Potions
 d - 3 potions of berserk rage
 e - 9 potions of curing
 f - a potion of brilliance
 h - a potion of haste
 i - 4 potions of magic
 j - a potion of invisibility
Comestibles
 p - 16 rations


   Skills:
 + Level 15.9 Fighting
 - Level 16.0 Axes
 - Level 1.0 Throwing
 + Level 15.9 Armour
 + Level 14.4 Dodging
 - Level 15.0 Shields


You had 10 spell levels left.
You didn't know any spells.
Your spell library was empty.

Dungeon Overview and Level Annotations

Branches:
Dungeon (1/1)

Altars:
Cheibriados
Dithmenos
Elyvilon
Fedhas
Gozag
Hepliaklqana
Kikubaaqudgha
Makhleb
Nemelex Xobeh
Okawaru
Qazlal
Ru
Sif Muna
Trog
Uskayaw
Vehumet
Wu Jian
Xom
Yredelemnul
Zin
The Shining One
Beogh
Jiyva
Lugonu

Shops:
D *!}:


Innate Abilities, Weirdness & Mutations

You reflexively headbutt those who attack you in melee.
You have a pair of horns on your head.


Message History

104 gold pieces; a +0 trident You slice the chaos spawn!!
You kill the chaos spawn!
The chaos spawn degenerates into a cloud of primal chaos!
The orc high priest is no longer distracted by gold.
There is an entrance to Paegiuph's Gadget Emporium here.
You see here 50 gold pieces.
The orc priest calls down the wrath of Beogh upon you.
You struggle to resist.
The orc high priest mumbles some strange prayers to Beogh.
There is an entrance to Paegiuph's Gadget Emporium here.
You slice the orc priest!!
You kill the orc priest!
The orc high priest becomes distracted by the nearby gold, dreaming of imaginary riches.
You catch the helpless orange demon completely off-guard!
You hit the orange demon but do no damage.
The orc high priest calls down the wrath of Beogh upon you.
Beogh smites you!
You die...
Your body crumbles into a pile of gold.

_______'..|)[.[.=)).....').....'.
▓▓▓▓▓▓▓▓▓▓▓▓▓▓▓▓▓▓▓▓▓▓▓▓▓▓▓▓▓▓▓▓▓
.................................
▓▓▓▓▓▓▓▓▓▓▓▓▓▓▓▓▓▓▓▓▓▓▓▓▓▓▓▓▓▓▓▓▓
.......'........?.?['..[[.[..'...
▓▓▓▓▓▓▓▓▓▓▓▓▓▓▓▓▓▓▓▓▓▓▓▓▓▓▓▓▓▓▓▓▓
.................................
▓▓▓▓▓▓▓▓▓▓▓▓▓▓▓▓▓▓▓▓▓▓▓▓▓▓▓▓▓▓▓▓▓
).....$$$$$$∩$∩$@4∩o3o$o+
▓▓▓▓▓▓▓▓▓▓▓▓▓▓▓▓▓▓▓▓▓▓▓▓▓


You could see 3 orc high priests, an orange demon and a ynoxinul.

Vanquished Creatures
  2 dire elephants (D)
  A hydra (D)
  A two-headed ogre (D)
  6 orc high priests (D)
  2 orc knights (D)
  6 elephants (D)
  A black mamba (D)
  A spiny frog (D)
  2 komodo dragons (D)
  3 yaks (D)
  A shadow (D)
  2 hungry ghosts (D)
  3 water moccasins (D)
  2 porcupines (D)
  A sky beast (D)
  7 orc warriors (D)
  A phantom (D)
  An ogre (D)
  A centaur (D)
  6 bullfrogs (D)
  A crimson imp (D)
  8 orc priests (D)
  2 orc wizards (D)
  A worker ant (D)
  An adder (D)
  An adder zombie (D)
  A leopard gecko (D)
  10 orcs (D)
  2 giant cockroaches (D)
  A hobgoblin (D)
  A quokka (D)
  2 bats (D)
  A goblin (D)
  A jackal skeleton (D)
83 creatures vanquished.

Notes
Turn   | Place    | Note
-------+----------+-------------------------------------------
     0 | D        | wilfster70 the Minotaur Fighter began the quest for the
                  | Orb.
     0 | D        | Reached XP level 1. HP: 19/19 MP: 0/0
    15 | D        | Reached skill level 3 in Axes
    17 | D        | Reached skill level 1 in Throwing
    61 | D        | Noticed a phantom
    61 | D        | Noticed a sky beast
    61 | D        | Noticed a worker ant
    71 | D        | Killed a sky beast
    71 | D        | Reached skill level 5 in Fighting
    71 | D        | Reached skill level 6 in Axes
    71 | D        | Reached skill level 5 in Armour
    71 | D        | Reached skill level 5 in Shields
    71 | D        | Reached XP level 2. HP: 12/29 MP: 1/1
    71 | D        | Reached XP level 3. HP: 15/36 MP: 2/2
    71 | D        | Reached XP level 4. HP: 18/42 MP: 3/3
    74 | D        | Reached skill level 7 in Axes
    77 | D        | Killed a phantom
    77 | D        | Reached skill level 8 in Axes
    77 | D        | Reached XP level 5. HP: 23/51 MP: 4/4
   274 | D        | Found a roughly hewn altar of Beogh.
   274 | D        | Found a snail-covered altar of Cheibriados.
   274 | D        | Found a shadowy altar of Dithmenos.
   274 | D        | Found a white marble altar of Elyvilon.
   274 | D        | Found a blossoming altar of Fedhas.
   274 | D        | Found an opulent altar of Gozag.
   275 | D        | Found a hazy altar of Hepliaklqana.
   276 | D        | Found a viscous altar of Jiyva.
   277 | D        | Found an ancient bone altar of Kikubaaqudgha.
   278 | D        | Found a corrupted altar of Lugonu.
   279 | D        | Found a burning altar of Makhleb.
   280 | D        | Found a sparkling altar of Nemelex Xobeh.
   281 | D        | Found an iron altar of Okawaru.
   282 | D        | Found a stormy altar of Qazlal.
   283 | D        | Found a sacrificial altar of Ru.
   284 | D        | Found a deep blue altar of Sif Muna.
   285 | D        | Found a bloodstained altar of Trog.
   286 | D        | Found a hide-covered altar of Uskayaw.
   287 | D        | Found a radiant altar of Vehumet.
   288 | D        | Found an ornate altar of the Wu Jian Council.
   289 | D        | Found a shimmering altar of Xom.
   290 | D        | Found a basalt altar of Yredelemnul.
   291 | D        | Found a glowing silver altar of Zin.
   292 | D        | Found a glowing golden altar of the Shining One.
   316 | D        | Became a worshipper of Gozag Ym Sagoz the Greedy
   336 | D        | Found the +8 demon blade "Leech" {vamp, rN+ AC-3 EV-3}
   359 | D        | Noticed an ogre
   359 | D        | Noticed a centaur
   359 | D        | Noticed a hungry ghost
   361 | D        | Killed an ogre
   361 | D        | Reached skill level 9 in Axes
   361 | D        | Reached skill level 5 in Dodging
   361 | D        | Reached XP level 6. HP: 60/60 MP: 5/5
   380 | D        | Killed a hungry ghost
   380 | D        | Reached skill level 10 in Axes
   401 | D        | Noticed a hungry ghost
   401 | D        | Noticed a two-headed ogre
   401 | D        | Noticed a shadow
   403 | D        | Reached XP level 7. HP: 63/68 MP: 6/6
   412 | D        | Killed a hungry ghost
   412 | D        | Reached skill level 11 in Axes
   415 | D        | Killed a two-headed ogre
   415 | D        | Reached skill level 12 in Axes
   415 | D        | Reached XP level 8. HP: 65/79 MP: 7/7
   419 | D        | Reached skill level 10 in Fighting
   419 | D        | Reached skill level 13 in Axes
   419 | D        | Reached skill level 10 in Armour
   419 | D        | Reached skill level 10 in Shields
   722 | D        | Noticed a komodo dragon
   730 | D        | Killed a komodo dragon
   735 | D        | Reached XP level 9. HP: 86/86 MP: 8/8
   742 | D        | Reached skill level 14 in Axes
   775 | D        | Bought a ration for 65 gold pieces
   775 | D        | Bought a ration for 65 gold pieces
   775 | D        | Bought a ration for 65 gold pieces
   775 | D        | Bought a ration for 65 gold pieces
   775 | D        | Bought a ration for 65 gold pieces
   775 | D        | Bought a ration for 65 gold pieces
   775 | D        | Bought a ration for 65 gold pieces
   781 | D        | Noticed a spiny frog
   781 | D        | Noticed a seven-headed hydra
   781 | D        | Noticed a black mamba
   788 | D        | Killed a spiny frog
   795 | D        | Killed a 13-headed hydra
   795 | D        | Reached skill level 15 in Axes
   795 | D        | Reached skill level 10 in Dodging
   797 | D        | Noticed a komodo dragon
   803 | D        | Killed a black mamba
   803 | D        | Reached XP level 10. HP: 60/97 MP: 9/9
   810 | D        | Reached skill level 16 in Axes
   950 | D        | Noticed an elephant
   950 | D        | Noticed an elephant
   950 | D        | Noticed an elephant
   950 | D        | Noticed an elephant
   950 | D        | Noticed an elephant
   950 | D        | Noticed an elephant
   951 | D        | Noticed a dire elephant
   960 | D        | Killed an elephant
   967 | D        | Killed an elephant
   971 | D        | Killed an elephant
   977 | D        | Killed an elephant
   983 | D        | Killed an elephant
   992 | D        | Killed a dire elephant
  1001 | D        | Killed an elephant
  1005 | D        | Noticed a dire elephant
  1012 | D        | HP: 2/101 [dire elephant (27)]
  1021 | D        | Killed a dire elephant
  1021 | D        | Reached XP level 11. HP: 59/108 MP: 10/10
  1392 | D        | Noticed an orc knight
  1392 | D        | Noticed an orc knight
  1392 | D        | Noticed an orc high priest
  1392 | D        | Noticed an orc high priest
  1400 | D        | Killed an orc knight
  1413 | D        | Killed an orc knight
  1431 | D        | Killed an orc high priest
  1436 | D        | Killed an orc high priest
  1461 | D        | Reached skill level 15 in Shields
  1511 | D        | Found Koasa's General Store.
  1511 | D        | Noticed an orc high priest
  1511 | D        | Noticed an orc high priest
  1511 | D        | Noticed an orc high priest
  1514 | D        | Found Huic's Distillery.
  1516 | D        | Noticed a sun demon
  1535 | D        | Killed an orc high priest
  1535 | D        | Reached skill level 15 in Fighting
  1535 | D        | Reached skill level 15 in Armour
  1550 | D        | Killed an orc high priest
  1551 | D        | Found Paegiuph's Gadget Emporium.
  1556 | D        | Killed an orc high priest
  1559 | D        | Found Wopseff's Book Shoppe.
  1562 | D        | Noticed an orc high priest
  1565 | D        | Noticed an orc high priest
  1566 | D        | Noticed an orc high priest
  1567 | D        | Noticed an orc high priest
  1573 | D        | Killed an orc high priest
  1580 | D        | Killed from afar by an orc high priest

Skill      XL: |  1  2  3  4  5  6  7  8  9 10 11 |
---------------+----------------------------------+-----
Axes           | 6 8 9 10 12 13 15 16 | 16.0
Throwing       | 1 |  1.0
Armour         | 5 6 7 8 9 10 11 13 15 | 15.9
Fighting       | 5 6 7 8 9 10 11 13 15 | 15.9
Shields        | 5 6 7 8 9 10 12 14 15 | 15.0
Dodging        | 3 4 5 6 8 10 12 14 | 14.4

Action                   |  1- 3 |  4- 6 |  7- 9 | 10-12 || total
-------------------------+-------+-------+-------+-------++-------
Melee: War axe           |    29 |    31 |    59 |   203 ||   322
       Headbutt          |     2 |     5 |    18 |    53 ||    78
Invok: Potion Petition   |       |       |     1 |     3 ||     4
       Call Merchant     |       |       |     1 |       ||     1
Evoke: Wand              |       |       |     2 |       ||     2
  Use: Potion            |     1 |       |     1 |     3 ||     5
       Scroll            |       |       |     4 |       ||     4
 Stab: Distracted        |       |     1 |     2 |     2 ||     5
       Invisible         |       |       |     9 |     1 ||    10
  Eat: Ration            |       |     1 |     1 |       ||     2
Armor: Scale mail        |    12 |     5 |     6 |    23 ||    46
Dodge: Dodged            |    11 |    11 |    36 |    73 ||   131
Block: Shield            |    18 |    12 |    21 |    62 ||   113
